 Dungeon Crawl Stone Soup version 0.25-a0-413-g3b4b6a4ccc (webtiles) character file.

Game seed: 1081784620229346544, levelgen mode: deterministic

175 MrRokkomies the Stinger (level 5, 0/30 HPs)
             Began as a Tengu Venom Mage on Jan 16, 2020.
             Killed from afar by Terence (9 damage)
             ... with a puff of flame
             ... on level 3 of the Dungeon.
             The game lasted 00:10:48 (2408 turns).

MrRokkomies the Stinger (Tengu Venom Mage)          Turns: 2408, Time: 00:10:48

Health: 0/30       AC:  8    Str:  8    XL:     5   Next: 55%
Magic:  7/9        EV: 15    Int: 17    God:
Gold:   47         SH:  0    Dex: 14    Spells: 2/8 levels left

rFire    . . .     SeeInvis .   a - +2 dagger (venom)
rCold    . . .     Gourm    .   (no shield)
rNeg     . . .     Faith    .   h - +0 acid dragon scales
rPois    .         Spirit   .   (helmet restricted)
rElec    .         Reflect  .   j - +1 cloak
rCorr    +         Harm     .   (no gloves)
MR       .....                  (boots unavailable)
Stlth    ++........             (no amulet)
HPRegen  0.10/turn              (no ring)
MPRegen  0.11/turn              (no ring)

@: lethally poisoned (0 -> -11), flying quickly and evasively, quick
A: beak, talons 3, able to fly
a: Stop Flying


You were on level 3 of the Dungeon.
You were hungry.

You visited 1 branch of the dungeon, and saw 3 of its levels.

You collected 47 gold pieces.

Inventory:

Hand Weapons
 a - a +2 dagger of venom (weapon)
 b - a +0 hunting sling
Missiles
 l - 70 sling bullets
 m - 158 stones (quivered)
 p - 12 bolts
 q - 51 arrows
Armour
 h - +0 acid dragon scales (worn)
 j - a +1 cloak (worn)
Scrolls
 d - a scroll of identify
 o - a scroll of remove curse
Potions
 s - a potion of lignification
Comestibles
 c - 5 rations


   Skills:
 + Level 2.0 Fighting
 + Level 3.5 Dodging
 - Level 2.0 Stealth
 - Level 2.0 Spellcasting
 + Level 1.8 Conjurations
 - Level 0.7 Transmutations
 + Level 1.8 Air Magic
 * Level 4.3 Poison Magic


You had 2 spell levels left.
You knew the following spells:

 Your Spells              Type           Power        Failure   Level  Hunger
a - Sting                 Tmut/Pois      ##..         12%         1    #......
b - Poisonous Vapours     Pois/Air       ##....       16%         2    ###....
c - Mephitic Cloud        Conj/Pois/Air  ##......     34%         3    ###....

Your spell library contained the following spells:

 Spells                   Type           Power        Failure   Level  Hunger
 Ignite Poison            Fire/Tmut/Pois #.......     45%         3    ###....
 Olgreb's Toxic Radiance  Pois           ###.....     52%         4    #####..


Dungeon Overview and Level Annotations

Branches:
Dungeon (3/15)

Altars:
Qazlal

Portals:
Sewer: D:3

Annotations:
D:3 Terence


Innate Abilities, Weirdness & Mutations

You have a beak for a mouth.
You have claws for feet.
You can fly continuously.


Message History

Terence is moderately wounded.
Terence hits you but does no damage.
You are poisoned.
You hit Terence but do no damage.
Terence is moderately wounded.
You feel sick. Terence misses you.
You barely miss Terence.
Terence is moderately wounded.
You feel sick.
Terence hits you with a +4 short sword of venom.
You are lethally poisoned!
You feel sick.
Terence zaps a wand.
The puff of flame misses you.
Things that are here:
a +0 dagger; a goblin corpse You feel sick.
You feel sick.
You feel sick.
* * * LOW HITPOINT WARNING * * *
You feel sick.
Terence zaps a wand.
The puff of flame hits you!
You die...

........##
..........
.....≈≈≈\≈
........#.#
....≈≈≈≈ ≈
........#..
...#≈≈≈ ≈≈
..!........ ....≈
≈≈≈ ..).....###.
....#...#
..)....##
#.###...[....
..)...##
#...#..>.....
#...###
#..@#...... ).#..#
###...# .###.#
###...## .
#.########...#..#
.
#..##.....@###..#
# ##..#......##
....
##.#...........###
#.........##.##
...............#
.#


You could see Terence.

Vanquished Creatures
  4 gnolls (D:3)
  5 adders
  2 oozes
  3 worms (D:2)
  3 dart slugs
  A leopard gecko (D:1)
  5 giant cockroaches
  6 goblins
  8 hobgoblins
  4 jackals (D:2)
  3 quokkas
  8 bats
  5 frilled lizards
  7 kobolds
  7 rats
71 creatures vanquished.

Notes
Turn   | Place    | Note
-------+----------+-------------------------------------------
     0 | D:1      | MrRokkomies the Tengu Venom Mage began the quest for the
                  | Orb.
     0 | D:1      | Reached XP level 1. HP: 10/10 MP: 4/4
   474 | D:1      | Reached XP level 2. HP: 16/16 MP: 3/6
   754 | D:1      | Reached XP level 3. HP: 19/20 MP: 7/7
  1059 | D:1      | Reached skill level 1 in Fighting
  1100 | D:1      | Learned a level 2 spell: Poisonous Vapours
  1104 | D:1      | Learned a level 3 spell: Mephitic Cloud
  1548 | D:2      | Reached XP level 4. HP: 24/25 MP: 4/8
  1568 | D:2      | Reached skill level 1 in Conjurations
  1568 | D:2      | Reached skill level 1 in Air Magic
  1815 | D:2      | Found a stormy altar of Qazlal.
  1879 | D:2      | Reached skill level 4 in Poison Magic
  2059 | D:2      | Found a faded altar of an unknown god.
  2181 | D:3      | Gained mutation: You can fly continuously. [Tengu growth]
  2181 | D:3      | Reached XP level 5. HP: 30/30 MP: 9/9
  2277 | D:3      | HP: 1/30 [gnoll/stone (2)]
  2394 | D:3      | Noticed Terence
  2408 | D:3      | Found a glowing drain.
  2408 | D:3      | Killed from afar by Terence

Levels and vault maps discovered:
D:1:      dpeg_arrival_pond, layout_loops_ring
D:2:      layout_rooms, nicolae_overflow_crystal_walls,
          chequers_ecumenical_altar_grove
D:3:      layout_rooms, cheibrodos_sewer_entry_drain, minmay_mini_jars,
          uniq_sigmund, uniq_terence

Skill      XL: |  1  2  3  4  5 |
---------------+----------------+-----
Dodging        | 3 |  3.5
Fighting       | 1 2 |  2.0
Conjurations   | 1 |  1.8
Air Magic      | 1 |  1.8
Poison Magic   | 4 |  4.3
Stealth        | |  2.0
Spellcasting   | |  2.0
Transmutations | |  0.7

Action                   |  1- 3 |  4- 6 || total
-------------------------+-------+-------++-------
Melee: Unarmed           |    14 |       ||    14
       Kick              |     9 |    20 ||    29
       Peck              |    12 |    12 ||    24
       Short sword       |    40 |    31 ||    71
       Mace              |     2 |       ||     2
       Dagger            |       |    82 ||    82
 Cast: Sting             |    23 |     6 ||    29
       Poisonous Vapours |     1 |     3 ||     4
 Abil: Fly               |       |     1 ||     1
  Use: Scroll            |     4 |     8 ||    12
       Potion            |       |     1 ||     1
 Stab: Sleeping          |     2 |     2 ||     4
  Eat: Chunk             |     2 |     3 ||     5
Armor: Robe              |     2 |       ||     2
       Acid dragon scale |    19 |    52 ||    71
Dodge: Dodged            |    36 |    91 ||   127

Table legend:
 A = Non-vault XP
 B = Vault XP
 C = Vault XP percentage of total XP
 D = Non-vault monster count
 E = Vault monster count
 F = Vault count percentage of total count
                 A         B        C        D         E       F
            +---------+---------+-------+---------+---------+-------
      Total |     250 |       0 |   0.0 |      71 |       0 |   0.0
            +---------+---------+-------+---------+---------+-------
        D:1 |      44 |       0 |   0.0 |      23 |       0 |   0.0
        D:2 |     120 |       0 |   0.0 |      34 |       0 |   0.0
        D:3 |      86 |       0 |   0.0 |      14 |       0 |   0.0
            +---------+---------+-------+---------+---------+-------
